 Dungeon Crawl Stone Soup version 0.17.1-1-g73c8601 (webtiles) character file.

3082 zercules the Grappler (level 9, -5/80 HPs)
             Began as a Troll Monk on Dec 14, 2015.
             Was an Elder of Okawaru.
             Killed from afar by Maurice (21 damage)
             ... with a wand of draining
             ... on level 9 of the Dungeon.
             The game lasted 00:28:16 (5235 turns).

zercules the Grappler (Troll Monk)                  Turns: 5235, Time: 00:28:16

Health: -5/80      AC:  7    Str: 21    XL:     9   Next: 58%
Magic:  6/8        EV: 12    Int:  9    God:    Okawaru [****..]
Gold:   220        SH: 11    Dex: 12    Spells: 0 memorised, 8 levels left

rFire  . . .     SeeInvis .       - Unarmed
rCold  . . .     Clarity  .     a - +0 robe
rNeg   . . .     SustAt   .     v - +0 shield
rPois  .         Gourm    +     (helmet restricted)
rElec  .         Spirit   .     j - +1 cloak
rCorr  +         Warding  .     (gloves unavailable)
rMut   .         Stasis   .     (boots unavailable)
MR     .....                    w - amulet of resist corrosion
Stlth  ++........               E - +1 ring of slaying
                                e - ring of wizardry

@: heroism, heavily drained, not resistant to hostile enchantments, unstealthy
A: unfitting armour, claws 3, fast metabolism 3, gourmand, regeneration 2,
shaggy fur 1, tough skin 2
a: Heroism, Renounce Religion


You were on level 9 of the Dungeon.
You worshipped Okawaru.
Okawaru was greatly pleased with you.
You were full.

You visited 1 branch of the dungeon, and saw 9 of its levels.

You collected 257 gold pieces.
You spent 37 gold pieces at shops.

Inventory:

Missiles
 y - 87 stones
 A - 4 large rocks (quivered)
Armour
 a - a +0 robe (worn)
 j - a +1 cloak (worn)
 v - a +0 shield (worn)
Jewellery
 d - an uncursed ring of ice
 e - a ring of wizardry (left claw)
 w - an amulet of resist corrosion (around neck)
 E - a +1 ring of slaying (right claw)
Wands
 n - a wand of flame (2)
 q - a wand of flame (10)
 B - a wand of polymorph (11)
Scrolls
 c - a scroll of remove curse
 l - 7 scrolls of teleportation
 m - a scroll of random uselessness
Potions
 h - a potion of brilliance {unknown}
 o - 2 potions of lignification
 s - a potion of degeneration {unknown}
 x - a potion of flight
 z - a potion of poison {unknown}
 F - a potion of haste {unknown}
Books
 i - a Grand Grimoire

   Spells                             Type                      Level
   a - Monstrous Menagerie            Summoning                    6
   b - Summon Greater Demon           Summoning                    7
   c - Malign Gateway                 Summoning/Translocation      7
   d - Summon Horrible Things         Summoning                    8
 k - a book of Battle

   Spells                             Type                      Level
   a - Infusion                       Charms                       1
   b - Shroud of Golubria             Charms/Translocation         2
   c - Song of Slaying                Charms                       2
   d - Spectral Weapon                Hexes/Charms                 3
   e - Regeneration                   Charms/Necromancy            3
Comestibles
 b - 5 bread rations
 f - 2 fruits
 g - 2 beef jerkies
 r - 2 meat rations


   Skills:
 - Level 2.4(5.3) Fighting
 - Level 2.4(5.3) Dodging
 - Level 1.1(4.1) Stealth
 * Level 6.3(9.1) Shields
 + Level 11.5(14.0) Unarmed Combat


You had 8 spell levels left.
You didn't know any spells.

Dungeon Overview and Level Annotations

Branches:
Dungeon (9/15)             Temple (0/1) D:5
   Lair: D:8-11         Orc: D:9-12

Altars:
Cheibriados
Dithmenos
Elyvilon
Fedhas
Kikubaaqudgha
Makhleb
Okawaru
Ru
Vehumet
Yredelemnul
Zin
The Shining One

Shops:
D:6 *   D:7 (   D:8 *   D:9 !

Annotations:
D:9 Maurice


Innate Abilities, Weirdness & Mutations

You are too large for most types of armour.
You have claws for hands.
Your metabolism is lightning-fast.
You like to eat raw meat.
You heal very quickly.
You are covered in fur (AC +1).
You have very tough skin (AC +2).


Message History

Press: ? - help, Shift-Dir - straight line, f - you The puff of flame hits you!
This wand has 3 charges left.
You hear a zap.
A bolt of negative energy appears from out of thin air!
The bolt of negative energy hits you!
You feel drained.
* * * LOW HITPOINT WARNING * * *
Evoke which item? (* to show all) (? for menu, Esc to quit)
Zapping:
n - a wand of flame (3)
Press: ? - help, Shift-Dir - straight line, f - you The puff of flame hits you!
* * * LOW HITPOINT WARNING * * *
This wand has 2 charges left.
You gain the combat prowess of a mighty hero.
You feel slightly less full.
You can no longer speed up your combat.
You start resting.
You hear a zap.
A bolt of negative energy appears from out of thin air!
The bolt of negative energy hits you!
You feel drained.
You die...

# ... .........<.......... #. #.#
#.#.....#..######.#. ###.# #.#
####............#. ..... #T#
.#.....########. ......#.#
.#.....# #.
......#.######.#.....# #.
...>.....%..{..#.....# #.
....!.#.#####..#.....# #. .....
#.# #@.#.....# #. .... #.#
#..#..... #. ### #.# #..#..... #.
#.######.#..... #.
#####.............. . #.
######................. ..#####.
...............................<#
.#####............#.# #..........
.# #............# #..........


There were no monsters in sight!

Vanquished Creatures
  A troll (D:9)
  A deep elf mage (D:9)
  Eustachio (D:5)
  A water moccasin (D:7)
  A sky beast (D:6)
  5 ogres
  2 ice beasts
  A necrophage (D:8)
  A phantom (D:5)
  3 centaurs
  2 giant frogs
  2 wyvern zombies (D:6)
  A water moccasin skeleton (D:8)
  A scorpion (D:8)
  A wight (D:9)
  4 crimson imps
  A giant frog zombie (D:7)
  4 orc priests
  2 hounds (D:5)
  3 orc wizards
  2 giant frog skeletons
  4 iguanas
  A killer bee zombie (D:8)
  4 worker ants
  A hound skeleton (D:4)
  A hound zombie (D:9)
  8 adders
  3 shadow imps (D:5)
  An ooze (D:1)
  3 adder skeletons
  3 giant geckos
  16 orcs
  A ball python (D:3)
  A giant cockroach (D:6)
  6 goblins
  5 hobgoblins
  13 jackals
  3 quokkas
  3 bats
  A giant newt (D:4)
  5 kobolds
  2 rats
125 creatures vanquished.

Vanquished Creatures (others)
  An orc wizard (D:6)
1 creature vanquished.

Grand Total: 126 creatures vanquished

Notes
Turn   | Place    | Note
--------------------------------------------------------------
     0 | D:1      | zercules the Troll Monk began the quest for the Orb.
     0 | D:1      | Reached XP level 1. HP: 22/22 MP: 0/0
    62 | D:1      | Reached XP level 2. HP: 29/29 MP: 1/1
   599 | D:2      | You fall through a shaft!
   609 | D:3      | Found a glowing silver altar of Zin.
   609 | D:3      | Found a shadowy altar of Dithmenos.
   609 | D:3      | Found a white marble altar of Elyvilon.
   691 | D:3      | Reached skill level 5 in Unarmed Combat
   691 | D:3      | Reached XP level 3. HP: 34/36 MP: 2/2
   733 | D:4      | Noticed an ogre
   850 | D:5      | Entered Level 5 of the Dungeon
  1005 | D:4      | Found a glowing golden altar of the Shining One.
  1069 | D:4      | Killed an ogre
  1069 | D:4      | Reached skill level 6 in Unarmed Combat
  1069 | D:4      | Reached XP level 4. HP: 25/44 MP: 3/3
  1069 | D:4      | Reached XP level 5. HP: 28/50 MP: 4/4
  1183 | D:4      | Found an ancient bone altar of Kikubaaqudgha.
  1186 | D:4      | Found a blossoming altar of Fedhas.
  1725 | D:3      | Reached skill level 7 in Unarmed Combat
  1738 | D:3      | Found a snail-covered altar of Cheibriados.
  1738 | D:3      | Found an iron altar of Okawaru.
  1780 | D:3      | Became a worshipper of Warmaster Okawaru
  1780 | D:3      | Reached * piety under Okawaru
  1780 | D:3      | Reached ** piety under Okawaru
  2119 | D:5      | Noticed an ogre
  2128 | D:5      | Killed an ogre
  2128 | D:5      | Reached XP level 6. HP: 35/59 MP: 5/5
  2206 | D:5      | Noticed a phantom
  2208 | D:5      | Noticed a centaur
  2222 | D:5      | Killed a centaur
  2222 | D:5      | Reached skill level 1 in Shields
  2222 | D:5      | Reached skill level 8 in Unarmed Combat
  2230 | D:5      | Killed a phantom
  2230 | D:5      | Reached XP level 7. HP: 19/66 MP: 6/6
  2436 | D:5      | Found a staircase to the Ecumenical Temple.
  2460 | D:5      | Noticed an ogre
  2463 | D:5      | Noticed Eustachio
  2470 | D:5      | Killed an ogre
  2482 | D:5      | Killed Eustachio
  2482 | D:5      | Reached *** piety under Okawaru
  2482 | D:5      | Reached skill level 9 in Unarmed Combat
  2825 | D:6      | Noticed an ice beast
  2836 | D:6      | Killed an ice beast
  2888 | D:6      | Reached XP level 8. HP: 74/74 MP: 7/7
  2905 | D:6      | Found Gyleh's General Store.
  2908 | D:6      | Bought a scroll of identify for 24 gold pieces
  2908 | D:6      | Bought 11 stones for 13 gold pieces
  2968 | D:6      | Noticed a giant frog
  2972 | D:6      | Killed a giant frog
  2982 | D:6      | Noticed an ogre
  2990 | D:6      | Killed an ogre
  3121 | D:6      | Reached skill level 10 in Unarmed Combat
  3365 | D:6      | Noticed a sky beast
  3385 | D:6      | Killed a sky beast
  3385 | D:6      | Reached **** piety under Okawaru
  3890 | D:7      | Found Plog's Weapon Shop.
  3906 | D:7      | Found a radiant altar of Vehumet.
  3906 | D:7      | Found a burning altar of Makhleb.
  4022 | D:8      | Found Hoomey's Humungous Hoard.
  4027 | D:8      | Reached XP level 9. HP: 80/80 MP: 8/8
  4158 | D:8      | Received a gift from Okawaru
  4230 | D:8      | Reached skill level 5 in Shields
  4230 | D:8      | Reached skill level 11 in Unarmed Combat
  4261 | D:8      | Found a glowing golden altar of the Shining One.
  4282 | D:8      | Found a basalt altar of Yredelemnul.
  4594 | D:9      | Found Hutuock's Distillery.
  4714 | D:9      | Reached ***** piety under Okawaru
  4895 | D:9      | Found a sacrificial altar of Ru.
  5012 | D:9      | Noticed Maurice
  5235 | D:9      | Killed from afar by Maurice

Action                   |  1- 3 |  4- 6 |  7- 9 || total
-------------------------+-------+-------+-------++-------
Melee: Unarmed           |    69 |    82 |   298 ||   449
Throw: Stone             |       |       |     1 ||     1
Invok: Heroism           |       |       |     7 ||     7
Evoke: Wand              |       |       |     9 ||     9
  Use: Scroll            |       |     2 |     9 ||    11
       Potion            |       |       |     3 ||     3
 Stab: Sleeping          |     1 |       |     4 ||     5
  Eat: Chunk             |    11 |    13 |    27 ||    51
